 Dungeon Crawl Stone Soup version 0.25-a0-731-g0472a16d6a (webtiles) character file.

Game seed: 9568970727675270127, levelgen mode: deterministic

60 kae the Gusty (level 4, -3/24 HPs)
             Began as a Tengu Air Elementalist on Apr 8, 2020.
             Asphyxiated
             ... on level 3 of the Dungeon.
             The game lasted 00:01:17 (2268 turns).

kae the Gusty (Tengu Air Elementalist)              Turns: 2268, Time: 00:01:18

Health: -3/24      AC:  2    Str: 11    XL:     4   Next: 4%
Magic:  1/8        EV: 18    Int: 16    God:
Gold:   56         SH:  0    Dex: 15    Spells: 4/8 levels left

rFire    . . .     SeeInvis .   (no weapon)
rCold    . . .     Gourm    .   (no shield)
rNeg     . . .     Faith    .   a - +0 robe
rPois    .         Spirit   .   (helmet restricted)
rElec    .         Reflect  .   (no cloak)
rCorr    .         Harm     .   (no gloves)
MR       .....                  (boots unavailable)
Stlth    ++........             (no amulet)
HPRegen  0.08/turn              i - +3 ring of strength
MPRegen  0.11/turn              h - +5 ring of evasion

@: lethally poisoned (-3 -> -35), very slightly contaminated, slowed, very slow
A: beak, talons 3
a: no special abilities


You were on level 3 of the Dungeon.
You were very hungry.

You visited 1 branch of the dungeon, and saw 3 of its levels.

You collected 56 gold pieces.

Inventory:

Armour
 a - a +0 robe (worn)
Jewellery
 e - an uncursed amulet of harm
 h - a +5 ring of evasion (right hand)
 i - a +3 ring of strength (left hand)
Scrolls
 d - a scroll of fear
 l - a scroll of identify {unknown}
 m - a scroll of remove curse {unknown}
Potions
 b - 2 potions of flight {unknown}
 f - a potion of might {unknown}
 g - a potion of brilliance {unknown}
 j - a potion of magic {unknown}
 k - a potion of ambrosia {unknown}
Comestibles
 c - 7 rations


   Skills:
 - Level 2.1 Dodging
 - Level 2.0 Stealth
 + Level 2.5 Spellcasting
 * Level 3.6 Conjurations
 + Level 4.7 Air Magic


You had 4 spell levels left.
You knew the following spells:

 Your Spells              Type           Power        Failure   Level  Hunger
a - Shock                 Conj/Air       ###.         3%          1    #......
b - Static Discharge      Conj/Air       ###.....     11%         3    ###....

Your spell library contained the following spells:

 Spells                   Type           Power        Failure   Level  Hunger
 Swiftness                Chrm/Air       #.......     12%         2    ##.....
 Airstrike                Air            ###.......   28%         4    #####..
 Lightning Bolt           Conj/Air       ###.......   69%         5    ######.


Dungeon Overview and Level Annotations

Branches:
Dungeon (3/15)

Altars:
Gozag
Qazlal
Ru


Innate Abilities, Weirdness & Mutations

You have a beak for a mouth.
You have claws for feet.


Message History

You feel sick.
A kobold comes into view. It is quivering 2 curare-tipped darts.
The hobgoblin barely misses you.
You barely miss the hobgoblin.
The kobold shouts!
Your kick misses the hobgoblin. Your peck misses the hobgoblin.
The kobold throws a curare-tipped dart.
The curare-tipped dart hits you.
You are lethally poisoned!
You have difficulty breathing.
You feel yourself slow down. The hobgoblin misses you.
You feel sick.
You are feeling very hungry.
You feel sick. The hobgoblin hits you.
* * * LOW HITPOINT WARNING * * *
* * * LOW HITPOINT WARNING * * *
You feel sick.
The kobold throws a curare-tipped dart.
The curare-tipped dart hits you.
You are more poisoned.
You have difficulty breathing.
You die...

#.......# #####
#.###.### .....
#####.###.# <####
###.<.......####.#
##...##...........#
..........#########
..##...####.#
##.##†....#
#.....@####
.###K.###g#
....!.o(..#
........o.....#
###.#########...#
.. .. .


You could see an orc, a hobgoblin and a kobold.

Vanquished Creatures
  2 adders
  A dart slug (D:1)
  2 leopard geckos (D:3)
  3 giant cockroaches
  5 goblins
  7 hobgoblins
  A jackal (D:1)
  A ball python (D:3)
  2 bats (D:1)
  3 frilled lizards
  4 kobolds
  3 rats (D:1)
34 creatures vanquished.

Notes
Turn   | Place    | Note
-------+----------+-------------------------------------------
     0 | D:1      | kae the Tengu Air Elementalist began the quest for the Orb.
     0 | D:1      | Reached XP level 1. HP: 10/10 MP: 4/4
   417 | D:1      | Reached XP level 2. HP: 14/15 MP: 4/6
  1289 | D:2      | Reached XP level 3. HP: 19/19 MP: 2/7
  1347 | D:2      | Learned a level 3 spell: Static Discharge
  1830 | D:2      | Found an opulent altar of Gozag.
  1831 | D:2      | Found a stormy altar of Qazlal.
  1832 | D:2      | Found a sacrificial altar of Ru.
  2264 | D:3      | Reached XP level 4. HP: 18/24 MP: 0/8
  2268 | D:3      | Asphyxiated

Levels and vault maps discovered:
D:1:      dpeg_arrival_brainrot, layout_basic
D:2:      layout_basic, grunt_temple_overflow_open, first_ration,
          chequers_serial_rivers_micro_a
D:3:      layout_rooms, uniq_grinder

Skill      XL: |  1  2  3 |
---------------+----------+-----
Conjurations   | 2 3 |  3.6
Dodging        | |  2.1
Stealth        | |  2.0
Spellcasting   | |  2.5
Air Magic      | |  4.7

Action                   |  1- 3 |  4- 6 || total
-------------------------+-------+-------++-------
Melee: Unarmed           |    32 |     1 ||    33
       Kick              |     6 |       ||     6
       Peck              |     3 |       ||     3
 Cast: Shock             |    69 |     1 ||    70
  Use: Scroll            |     3 |       ||     3
  Eat: Chunk             |     4 |       ||     4
Armor: Robe              |     5 |       ||     5
Dodge: Dodged            |    46 |     2 ||    48

Table legend:
 A = Non-vault XP
 B = Vault XP
 C = Vault XP percentage of total XP
 D = Non-vault monster count
 E = Vault monster count
 F = Vault count percentage of total count
                 A         B        C        D         E       F
            +---------+---------+-------+---------+---------+-------
      Total |      84 |       2 |   2.3 |      33 |       1 |   2.9
            +---------+---------+-------+---------+---------+-------
        D:1 |      29 |       2 |   6.5 |      17 |       1 |   5.6
        D:2 |      35 |       0 |   0.0 |      12 |       0 |   0.0
        D:3 |      20 |       0 |   0.0 |       4 |       0 |   0.0
            +---------+---------+-------+---------+---------+-------
